 Dungeon Crawl Stone Soup version 0.20-a0-751-g905781e (webtiles) character file.

122575 EuServersOMG the Spry (level 16, -1/199 HPs)
             Began as a Vampire Skald on Feb 25, 2017.
             Was the Champion of Jiyva.
             Slain by an entropy weaver (4 damage)
             ... on level 3 of the Lair of Beasts.
             The game lasted 03:56:12 (35335 turns).

EuServersOMG the Spry (Vampire Skald)              Turns: 35335, Time: 03:56:13

Health: -1/199     AC:  8    Str: 20    XL:     16   Next: 5%
Magic:  21/33      EV:  2    Int: 22    God:    Jiyva [******]
Gold:   1273       SH:  0    Dex: 21    Spells: 10/26 levels left

rFire    + . .     SeeInvis +   F - +7 dagger "Pelotige" {pierce, Str+3}
rCold    x . .     Gourm    .   (armour currently unavailable)
rNeg     + + +     Faith    .   (no shield)
rPois    +         Spirit   .   (helmet currently unavailable)
rElec    .         Reflect  .   (cloak currently unavailable)
rCorr    +         Harm     .   (gloves currently unavailable)
MR       +....     NoTele   +   (boots currently unavailable)
Stlth    +++++.....             S - amulet of Mistrust {Regen+ MP+9 Int+3}
Regen    2.1/turn               Z - ring of Muoti {Fire Str+9}
MPRegen  0.3/turn               o - ring of Shaolin {EV+8}

@: tree-form, singing, barbed spikes, corroded, regenerating, studying Ice Magic
A: (fangs 0), see invisible, agile 1, (unbreathing), (acidic bite), (eyeballs
0), (tendrils)
}: 1/15 runes: slimy
a: Request Jelly, Slimify, Cure Bad Mutation, Renounce Religion, Stop Singing


You were on level 3 of the Lair of Beasts.
You worshipped Jiyva.
Jiyva was exalted by your worship.
You were very full.
You were a tree.
You visited 8 branches of the dungeon, and saw 32 of its levels.
You also visited: Trove, Sewer, Ossuary, Ice Cave and Volcano.

You collected 2798 gold pieces.
You spent 1525 gold pieces at shops.

Inventory:

Hand Weapons
 F - the +7 dagger "Pelotige" (weapon) {pierce, Str+3}
   (You bought it in a shop on level 6 of the Dungeon)

   It inflicts extra damage upon your enemies.
   It affects your strength (+3).
 W - a +7 quick blade
Armour
 z - a +2 pair of gloves
 A - a +0 pair of gloves of dexterity (melded)
 K - the +3 leather armour of the Three Seas (melded) {MR+++ Str-5 Int+3 Dex+3}
   (You found it on level 8 of the Dungeon)

   It affects your strength (-5).
   It affects your intelligence (+3).
   It affects your dexterity (+3).
   It affects your resistance to hostile enchantments.
 L - a +2 pair of boots of running (melded)
 N - a +1 helmet of intelligence (melded)
 Q - a +0 cloak (melded)
Jewellery
 o - the ring of Shaolin (left branch) {EV+8}
   (You found it on level 5 of the Pits of Slime)

   [ring of evasion]

   It affects your evasion (+8).
 s - the ring of Shadows {Umbra +Inv Stlth+}
   (You found it on level 5 of the Pits of Slime)

   [ring of stealth]

   It lets you turn invisible.
   It makes you more stealthy.
 S - the amulet of Mistrust (around neck) {Regen+ MP+9 Int+3}
   (You acquired it on level 1 of the Elven Halls)

   [amulet of regeneration]

   It affects your intelligence (+3).
   It affects your magic capacity (+9).
   It increases your rate of regeneration.
 Z - the ring of Muoti (right branch) {Fire Str+9}
   (You found it in a treasure trove)

   [ring of fire]

   It enhances your fire magic.
   It affects your strength (+9).
   It protects you from fire.
   It makes you vulnerable to cold.
Wands
 a - a wand of iceblast (9/15)
 c - a wand of acid (8/15)
 d - a wand of digging (9/24)
 e - a wand of acid (12/15)
 v - a wand of clouds (5/9)
 P - a wand of digging (11/24)
 Y - a wand of digging (6/24)
Scrolls
 b - a scroll of summoning
 f - 4 scrolls of fear
 g - 4 scrolls of identify
 h - 10 scrolls of recharging
 i - 17 scrolls of remove curse
 k - 4 scrolls of blinking
 t - 6 scrolls of enchant weapon
 u - 11 scrolls of amnesia
 x - 3 scrolls of fog
 y - 4 scrolls of teleportation
 J - 2 scrolls of silence
 O - 3 scrolls of magic mapping
Potions
 m - a potion of invisibility
 n - 8 potions of brilliance
 p - a potion of haste
 q - 2 potions of lignification
 r - a potion of magic
 w - 2 potions of might
 C - 4 potions of flight
 D - 4 potions of cancellation
 H - 2 potions of berserk rage
 I - 3 potions of resistance
 M - 3 potions of agility
 X - a potion of blood
Books
 j - a book of Enchantments

   Spells                             Type                      Level
   a - Cause Fear                     Hexes                        4
   b - Yara's Violent Unravelling     Hexes/Transmutation          5
   c - Silence                        Hexes/Air                    5
   d - Deflect Missiles               Charms/Air                   6
   e - Discord                        Hexes                        8
 E - a book of Battle

   Spells                             Type                      Level
   a - Infusion                       Charms                       1
   b - Shroud of Golubria             Charms/Translocation         2
   c - Song of Slaying                Charms                       2
   d - Spectral Weapon                Hexes/Charms                 3
   e - Regeneration                   Charms/Necromancy            3
 G - a Young Poisoner's Handbook

   Spells                             Type                      Level
   a - Sting                          Conjuration/Poison           1
   b - Poisonous Vapours              Poison/Air                   2
   c - Mephitic Cloud                 Conjuration/Poison/Air       3
   d - Olgreb's Toxic Radiance        Poison                       4
   e - Venom Bolt                     Conjuration/Poison           5
 R - a book of Conjurations

   Spells                             Type                      Level
   a - Magic Dart                     Conjuration                  1
   b - Searing Ray                    Conjuration                  2
   c - Dazzling Spray                 Conjuration/Hexes            3
   d - Fulminant Prism                Conjuration/Hexes            4
   e - Force Lance                    Conjuration/Translocation    4
   f - Iskenderun's Mystic Blast      Conjuration                  4
 T - a book of Flames

   Spells                             Type                      Level
   a - Flame Tongue                   Conjuration/Fire             1
   b - Throw Flame                    Conjuration/Fire             2
   c - Conjure Flame                  Conjuration/Fire             3
   d - Inner Flame                    Hexes/Fire                   3
   e - Sticky Flame                   Conjuration/Fire             4
   f - Fireball                       Conjuration/Fire             5
 U - a manual of Ice Magic
 V - a manual of Ice Magic
Miscellaneous
 B - a sack of spiders


   Skills:
 - Level 14.0 Fighting
 - Level 11.0 Short Blades
 - Level 4.0 Armour
 - Level 16.0 Dodging
 - Level 11.0 Stealth
 + Level 5.9 Spellcasting
 - Level 12.0 Hexes
 - Level 10.0 Charms
 - Level 6.0 Necromancy
 * Level 3.8 Air Magic


You had 10 spell levels left.
You knew the following spells:

 Your Spells              Type           Power        Failure   Level  Hunger
a - Infusion              Chrm           ####         1%          1    None
b - Regeneration          Chrm/Necr      #####.....   1%          3    #......
c - Shroud of Golubria    Chrm/Tloc      ####......   1%          2    None
d - Spectral Weapon       Hex/Chrm       ######..     1%          3    #......
e - Song of Slaying       Chrm           ######..     1%          2    None
f - Silence               Hex/Air        #####.....   12%         5    #####..


Dungeon Overview and Level Annotations

Branches:
Dungeon (15/15)            Temple (1/1) D:4            Lair (6/6) D:11
 Shoals (1/4) Lair:3       Spider (1/4) Lair:3        Slime (5/5) Lair:6
    Orc (2/2) D:12            Elf (1/3) Orc:2        Vaults (0/5) D:13
 Depths (0/5) D:15

Altars:
Dithmenos
Makhleb
Sif Muna
Uskayaw
Wu Jian
Beogh
Jiyva

Shops:
D:6 *(   D:11 *   D:13 !   Orc:2 (*[=   Elf:1 ?

Annotations:
D:7 Prince Ribbit
D:10 exclusion: oklob plant
Shoals:1 Donald
Slime:5 Royal Jelly


Innate Abilities, Weirdness & Mutations

Your natural rate of healing is unusually fast.
((You have razor-sharp teeth.))
You have supernaturally acute eyesight. (SInv)
((You can survive without breathing.))
You are agile. (Dex +2)
((You have acidic saliva.))
((Your body has grown golden eyes which may confuse attackers. (Acc +3)))
((You are covered in slimy tendrils that may disarm your opponents.))


Message History

The entropy weaver is almost dead.
The dagger of electrocution hits you.
* * * LOW HITPOINT WARNING * * *
You are electrocuted!
* * * LOW HITPOINT WARNING * * *
You turn into a tree.
Your +0 cloak melds into your body.
Your +1 helmet of intelligence melds into your body.
Your +0 pair of gloves of dexterity melds into your body.
Your +2 pair of boots of running melds into your body.
The +3 leather armour of the Three Seas {MR+++ Str-5 Int+3 Dex+3} melds into your body.
You feel stupid.
You feel clumsy.
You feel rather sluggish.
Your roots penetrate the ground.
The entropy weaver hits you!
* * * LOW HITPOINT WARNING * * *
The entropy weaver hits you.
* * * LOW HITPOINT WARNING * * *
The entropy weaver hits you.
* * * LOW HITPOINT WARNING * * *
The entropy weaver hits you.
You die...

...........# #.#.........###
<.........#####.#..........###
............#P...............# #
............#≈...#...........####
.....P.......≈≈≈.≈≈≈.........P...
............≈.≈≈.≈≈.≈............
...........#≈≈.(.≈.≈≈............
...........#≈≈≈a..≈≈≈............
................♣................
............≈≈≈..(≈≈≈............
............≈≈.≈.≈.≈≈............
............≈.≈≈.≈≈.≈...P#.......
.............≈≈≈.≈≈≈.............
.................................
.................................
.................................
.................................


You could see an entropy weaver, a dagger of electrocution and a friendly
spectral dagger "Pelotige" {pierce, Str+3}.

Vanquished Creatures
  Rupert (Lair:4)
  Asterion (Elf:1)
  An orc warlord (Orc:1)
  An emperor scorpion (Lair:3)
  A dire elephant (Lair:6)
  A deep elf death mage (Elf:1)
  A fire dragon (Volcano)
  A yaktaur captain (D:13)
  Harold (Lair:4)
  A rakshasa (D:15)
  11 hydras
  A two-headed ogre (D:13)
  A merfolk avatar (Lair:6)
  2 tengu warriors (D:15)
  3 orc high priests (Orc:2)
  A deep elf knight (Elf:1)
  Nergalle (Lair:1)
  Sonja (D:12)
  2 sea snakes (Lair:6)
  A lindwurm (Volcano)
  2 deep elf archers (Elf:1)
  A harpy (Lair:6)
  A necromancer (IceCv)
  2 orc knights
  19 deep elf magi
  14 ugly things
  2 orb spiders (Spider:1)
  32 dancing weapons
  7 wolf spiders
  6 manticores
  5 orc sorcerers
  Maurice (D:11)
  2 elephants (Lair:6)
  3 cyclopes (D:15)
  A black mamba (shapeshifter) (D:15)
  An ice statue (IceCv)
  2 black mambas
  A water nymph (shapeshifter) (D:15)
  2 molten gargoyles (Volcano)
  3 gargoyles (D:12)
  An efreet (D:13)
  13 spiny frogs
  4 rime drakes
  2 yaktaurs (D:13)
  11 komodo dragons
  3 demonic crawlers (Spider:1)
  10 freezing wraiths (IceCv)
  8 jumping spiders
  5 trolls
  4 hornets
  11 polar bears
  A wind drake (Lair:6)
  6 slime creatures
  2 dream sheep (D:9)
  6 hippogriffs
  7 blink frogs
  An air elemental (Elf:1)
  A shadow (D:15)
  6 tarantellas (Spider:1)
  13 redbacks
  A spriggan (shapeshifter) (D:15)
  A wraith (D:13)
  A vampire (D:12)
  A water elemental (Elf:1)
  A spriggan (Lair:5)
  6 wyverns
  8 fire bats (Volcano)
  50 yaks
  A death yak simulacrum (IceCv)
  4 wargs (Orc:1)
  6 vampire mosquitoes
  2 soldier ants
  2 hell hounds (Volcano)
  16 water moccasins
  9 porcupines
  A hornet zombie (D:9)
  31 orc warriors
  6 ice beasts (IceCv)
  An eye of draining (D:15)
  5 boggarts (D:15)
  An ogre (shapeshifter) (D:15)
  2 sky beasts
  4 phantoms
  A black bear (Lair:1)
  A necrophage (D:9)
  19 centaurs
  11 ogres
  18 crocodiles
  4 big kobolds
  A gnoll sergeant (D:10)
  15 bullfrogs
  A bullfrog (shapeshifter) (D:15)
  3 scorpions
  7 killer bees
  5 wights (D:10)
  An electric eel (Lair:6)
  A howler monkey (D:4)
  5 crimson imps
  5 lava snakes
  2 jellies
  A quasit (D:9)
  6 draconian simulacra (IceCv)
  A bullfrog zombie (D:6)
  5 hounds
  12 orc priests
  3 bullfrog skeletons
  5 centaur skeletons
  2 iguanas
  20 orc wizards
  8 worker ants
  6 hell rats (Lair:5)
  2 troll simulacra (IceCv)
  A spriggan simulacrum (IceCv)
  A centaur simulacrum (IceCv)
  A hound skeleton (D:6)
  A hound zombie (D:7)
  A mummy (D:5)
  A worker ant zombie (D:5)
  A howler monkey skeleton (D:11)
  14 adders
  8 gnolls
  7 naga simulacra (IceCv)
  3 ogre simulacra (IceCv)
  A river rat (D:3)
  3 shadow imps
  12 white imps (IceCv)
  An adder skeleton (D:9)
  An adder zombie (D:8)
  4 dart slugs (D:1)
  7 leopard geckos
  72 orcs
  12 giant cockroaches
  6 goblins
  8 hobgoblins
  9 jackals
  A quokka (D:6)
  5 ball pythons
  7 bats
  7 frilled lizards
  17 kobolds
  2 leopard gecko zombies
  5 rats
  A spectral weapon (Spider:1)
807 creatures vanquished.

Vanquished Creatures (collateral kills)
  2 death yak simulacra (IceCv)
  A polar bear simulacrum (IceCv)
3 creatures vanquished.

Vanquished Creatures (others)
  2 acid blobs
  A deep elf knight (Elf:1)
  2 shining eyes (Slime:5)
  A deep elf mage (Elf:1)
  2 eyes of devastation (Slime:5)
  10 slime creatures
  A hippogriff (D:15)
  A tarantella (Spider:1)
  A yak (Lair:6)
  An eye of draining (Slime:5)
  A big kobold (shapeshifter) (D:15)
  A bullfrog (D:15)
  42 jellies
  8 orcs
  A frilled lizard (D:3)
  4 bushes (Lair:6)
  A fire vortex (Lair:6)
  28 fungi
  24 plants
  9 spectral weapons
141 creatures vanquished.

Grand Total: 951 creatures vanquished

Notes
Turn   | Place    | Note
-------+----------+-------------------------------------------
     0 | D:1      | EuServersOMG the Vampire Skald began the quest for the Orb.
     0 | D:1      | Reached XP level 1. HP: 16/16 MP: 3/3
   197 | D:1      | Reached XP level 2. HP: 21/22 MP: 0/5
   735 | D:1      | Reached XP level 3. HP: 26/27 MP: 1/6
  2018 | D:2      | Reached XP level 4. HP: 17/33 MP: 3/7
  2218 | D:2      | Reached skill level 5 in Short Blades
  2339 | D:3      | Found a glowing drain.
  2460 | Sewer    | Entered a sewer
  2550 | Sewer    | Noticed a crocodile
  2553 | Sewer    | Gained mutation: You are agile. (Dex +2) [potion of mutation]
  2553 | Sewer    | Gained mutation: Your spells are a little harder to cast, but a little more powerful. [potion of mutation]
  2564 | Sewer    | Killed a crocodile
  2564 | Sewer    | Reached skill level 3 in Dodging
  2564 | Sewer    | Reached XP level 5. HP: 24/40 MP: 0/8
  2958 | D:3      | Learned a level 3 spell: Regeneration
  3029 | D:3      | Found a burning altar of Makhleb.
  3585 | D:4      | Reached XP level 6. HP: 28/47 MP: 4/9
  3893 | D:3      | Learned a level 2 spell: Shroud of Golubria
  3952 | D:4      | Found a staircase to the Ecumenical Temple.
  3973 | Temple   | Entered the Ecumenical Temple
  3981 | Temple   | Became a worshipper of the Wu Jian Council
  4108 | D:4      | Reached skill level 4 in Dodging
  4108 | D:4      | Reached skill level 1 in Necromancy
  4497 | D:5      | Entered Level 5 of the Dungeon
  4735 | D:5      | Found a sand-covered staircase.
  4825 | Ossuary  | Entered an ossuary
  4825 | Ossuary  | Noticed Vesto's ghost (amateur DsFi)
  5309 | D:5      | Reached XP level 7. HP: 35/53 MP: 10/10
  5924 | D:6      | Found Caatygi's Antique Weapon Boutique.
  5929 | D:6      | Bought a jewelled dagger for 154 gold pieces
  5929 | D:6      | Identified the +7 dagger "Pelotige" {pierce, Str+3} (You bought it in a shop on level 6 of the Dungeon)
  5984 | D:6      | Reached skill level 5 in Dodging
  6071 | D:6      | Reached * piety under Wu Jian
  6109 | D:6      | Reached skill level 5 in Charms
  6133 | D:6      | Found Zyqafuf's General Store.
  6138 | D:6      | Bought a scroll of identify for 30 gold pieces
  6138 | D:6      | Bought a potion of might for 60 gold pieces
  6305 | D:6      | Reached XP level 8. HP: 47/60 MP: 11/11
  6556 | D:7      | Reached skill level 6 in Dodging
  6580 | D:7      | Reached skill level 5 in Necromancy
  6879 | D:7      | Noticed Prince Ribbit
  7132 | D:7      | Reached ** piety under Wu Jian
  7276 | D:8      | Got a pitted leather armour
  7287 | D:8      | Identified the +3 leather armour of the Three Seas {MR+++ Str-5 Int+3 Dex+3} (You found it on level 8 of the Dungeon)
  7374 | D:8      | Reached skill level 7 in Dodging
  7374 | D:8      | Reached XP level 9. HP: 36/65 MP: 12/12
  7600 | D:8      | Noticed a two-headed ogre
  8400 | D:8      | Reached skill level 8 in Dodging
  8474 | D:9      | Reached *** piety under Wu Jian
  8611 | D:9      | Reached skill level 5 in Fighting
  8783 | D:9      | Reached XP level 10. HP: 39/74 MP: 10/13
  9083 | D:9      | Found a deep blue altar of Sif Muna.
  9445 | D:9      | Noticed a two-headed hydra
  9471 | D:9      | Killed a two-headed hydra
  9550 | D:9      | Noticed a deep elf mage
  9558 | D:9      | Killed a deep elf mage
  9558 | D:9      | Reached skill level 10 in Short Blades
  9680 | D:10     | Entered Level 10 of the Dungeon
 10121 | D:10     | Found a hide-covered altar of Uskayaw.
 10122 | D:10     | Noticed an oklob plant
 10176 | D:10     | Reached **** piety under Wu Jian
 10582 | D:11     | Noticed Maurice
 10584 | D:11     | Killed Maurice
 10601 | D:11     | Found a portal to a secret trove of treasure.
 10605 | Trove    | Entered a treasure trove
 10622 | Trove    | Got a vibrating brass ring
 10633 | Trove    | Identified the ring of Muoti {Fire Str+9} (You found it in a treasure trove)
 10645 | Trove    | Got an ancient scale mail
 10656 | Trove    | Identified the +6 scale mail of Hadjma {rElec rN+ Dex-3} (You found it in a treasure trove)
 10729 | D:11     | Reached XP level 11. HP: 84/84 MP: 14/14
 10746 | D:11     | Noticed a four-headed hydra
 10801 | D:11     | Found a frozen archway.
 11063 | IceCv    | Entered an ice cave
 11729 | IceCv    | Reached skill level 9 in Dodging
 11751 | IceCv    | Learned a level 3 spell: Spectral Weapon
 11754 | IceCv    | Learned a level 2 spell: Song of Slaying
 12232 | IceCv    | Reached skill level 1 in Armour
 12232 | IceCv    | Reached skill level 1 in Hexes
 12417 | IceCv    | Found an ancient bone altar of Kikubaaqudgha.
 12837 | IceCv    | Reached skill level 5 in Hexes
 13043 | IceCv    | Noticed a necromancer
 13084 | IceCv    | Killed a necromancer
 13905 | D:11     | Found Voklut's Demolitions Depot.
 14246 | D:11     | Found a staircase to the Lair.
 14372 | D:11     | Noticed a deep elf mage
 14513 | Lair:1   | Entered Level 1 of the Lair of Beasts
 14581 | D:11     | Killed a deep elf mage
 14871 | Lair:1   | Reached skill level 1 in Stealth
 14909 | Lair:1   | Reached XP level 12. HP: 92/92 MP: 18/18
 15030 | Lair:1   | Noticed Nergalle
 15140 | Lair:1   | Noticed a four-headed hydra
 15897 | D:12     | Reached skill level 10 in Charms
 15900 | D:12     | Found a staircase to the Orcish Mines.
 15913 | D:12     | Reached skill level 10 in Hexes
 16138 | D:12     | Reached skill level 5 in Stealth
 16705 | D:12     | Noticed an eight-headed hydra
 16836 | Lair:1   | Killed a four-headed hydra
 17249 | Lair:1   | Killed Nergalle
 17683 | Lair:2   | Noticed a five-headed hydra
 17710 | Lair:2   | Killed a five-headed hydra
 17897 | Lair:2   | Reached skill level 10 in Stealth
 18246 | Lair:3   | Found a hole to the Spider Nest.
 18274 | Lair:3   | Found a staircase to the Shoals.
 18294 | Lair:3   | Reached XP level 13. HP: 67/99 MP: 10/19
 18746 | Lair:4   | Noticed Rupert
 18747 | Lair:4   | Killed Rupert
 18747 | Lair:4   | Reached skill level 10 in Dodging
 19045 | Lair:4   | Noticed Harold
 19073 | Lair:4   | Killed Harold
 19686 | Lair:5   | Reached ***** piety under Wu Jian
 20194 | Lair:6   | Entered Level 6 of the Lair of Beasts
 20209 | Lair:6   | Reached skill level 11 in Dodging
 20391 | Lair:6   | Found a dark tunnel.
 20412 | Lair:6   | Reached skill level 10 in Fighting
 20563 | Volcano  | Entered a volcano
 20839 | Volcano  | Found a radiant altar of Vehumet.
 21013 | Volcano  | Noticed a fire dragon
 21135 | Volcano  | Killed a fire dragon
 21679 | Lair:6   | Reached skill level 12 in Dodging
 21694 | Lair:6   | Got a polished leather armour
 21775 | Lair:6   | Noticed a dire elephant
 21874 | Lair:6   | Reached XP level 14. HP: 37/111 MP: 5/20
 22993 | Lair:6   | Noticed an acid blob
 23025 | Lair:6   | HP: 4/111 [acid (8)]
 23169 | Lair:1   | Identified the +1 leather armour "Xipoc" {Slay+2 Stlth+} (You found it on level 6 of the Lair of Beasts)
 23307 | D:12     | Noticed Sonja
 23311 | D:12     | Killed Sonja
 24021 | D:13     | Reached skill level 13 in Dodging
 24068 | D:13     | Found a gate to the Vaults.
 24428 | D:13     | Found Xocoim's Distillery.
 24433 | D:13     | Bought a potion of heal wounds for 85 gold pieces
 24530 | D:13     | Reached ****** piety under Wu Jian
 25351 | D:15     | Entered Level 15 of the Dungeon
 25962 | Orc:1    | Entered Level 1 of the Orcish Mines
 26138 | Orc:1    | Found a roughly hewn altar of Beogh.
 26317 | Orc:2    | Entered Level 2 of the Orcish Mines
 26338 | Orc:2    | Found Tacenak's Antique Armour Shoppe.
 26908 | Orc:2    | Found a staircase to the Elven Halls.
 26914 | Orc:2    | Reached skill level 14 in Dodging
 26926 | Orc:2    | Found Syelow's General Store.
 27084 | Orc:2    | Bought a scroll of identify for 26 gold pieces
 27084 | Orc:2    | Noticed an orc warlord
 27096 | Elf:1    | Entered Level 1 of the Elven Halls
 27153 | Orc:1    | Killed an orc warlord
 27365 | Orc:2    | Bought a pair of runed boots for 247 gold pieces
 27365 | Orc:2    | Bought a runed helmet for 247 gold pieces
 27380 | Orc:2    | Identified a +0 pair of boots of running (You bought it in a shop on level 2 of the Orcish Mines)
 27428 | Orc:2    | Found Kubeze's Antique Weapon Shop.
 27523 | Orc:2    | Found Inleid's Jewellery Shop.
 28347 | Orc:2    | Reached XP level 15. HP: 121/122 MP: 21/21
 28917 | Lair:6   | Found a viscous altar of Jiyva.
 29262 | Lair:6   | Found a staircase to the Slime Pits.
 29270 | Lair:6   | Fell from the grace of Wu Jian
 29270 | Lair:6   | Became a worshipper of Jiyva Jilameci the Shapeless
 29484 | Lair:6   | Killed an acid blob
 29996 | Lair:1   | Reached * piety under Jiyva
 30026 | Lair:1   | Reached ** piety under Jiyva
 30061 | Lair:1   | Reached *** piety under Jiyva
 30090 | Lair:1   | Gained mutation: You are partially covered in rugged brown scales. (AC +1, +3% HP) [Jiyva's grace]
 30149 | D:11     | Reached **** piety under Jiyva
 30608 | D:15     | Gained mutation: You are frail. (-10% HP) [Jiyva's grace]
 30678 | D:15     | Lost mutation: You are frail. (-10% HP) [Jiyva's grace]
 30680 | D:15     | Reached ***** piety under Jiyva
 30767 | D:15     | Reached skill level 15 in Dodging
 30881 | D:15     | Gained mutation: You are very agile. (Dex +4) [Jiyva's grace]
 31039 | D:15     | Found a staircase to the Depths.
 31435 | Spider:1 | Entered Level 1 of the Spider Nest
 31793 | Spider:1 | Gained mutation: You have a small jelly attached to you that may absorb incoming projectiles. [Jiyva's grace]
 32876 | Shoals:1 | Entered Level 1 of the Shoals
 32997 | Shoals:1 | Noticed Donald
 33420 | Elf:1    | Found Lastitop's Magic Scroll Boutique.
 33452 | Elf:1    | Noticed Asterion
 33458 | Elf:1    | Gained mutation: You are frail. (-10% HP) [a neqoxec]
 33472 | Elf:1    | Killed Asterion
 33472 | Elf:1    | Reached skill level 16 in Dodging
 33507 | Elf:1    | Reached ****** piety under Jiyva
 33508 | Elf:1    | Gained mutation: Your translucent skin slightly reduces your foes' accuracy. (Stealth) [Jiyva's grace]
 33517 | Elf:1    | Bought a scroll of acquirement for 676 gold pieces
 33590 | Elf:1    | Lost mutation: You are very agile. (Dex +4) [Jiyva's grace]
 33790 | Orc:2    | Lost mutation: You are frail. (-10% HP) [Jiyva's grace]
 33850 | Elf:1    | Reached skill level 5 in Spellcasting
 33982 | Elf:1    | HP: 6/129 [soul eater/drain life[a deep elf mage] (4)]
 34018 | Orc:2    | Lost mutation: You are partially covered in rugged brown scales. (AC +1, +3% HP) [Jiyva's grace]
 34192 | Slime:1  | Entered Level 1 of the Pits of Slime
 34192 | Slime:1  | Noticed an acid blob
 34204 | Slime:3  | Noticed an azure jelly
 34250 | Slime:3  | Noticed an azure jelly
 34256 | Slime:4  | Noticed an acid blob
 34256 | Slime:4  | Noticed an acid blob
 34261 | Slime:4  | Noticed an acid blob
 34263 | Slime:5  | Entered Level 5 of the Pits of Slime
 34263 | Slime:5  | Noticed an acid blob
 34263 | Slime:5  | Noticed an acid blob
 34275 | Slime:5  | Noticed an acid blob
 34281 | Slime:5  | Killed an acid blob
 34282 | Slime:5  | Noticed an acid blob
 34283 | Slime:5  | Noticed the Royal Jelly
 34284 | Slime:5  | Noticed an azure jelly
 34284 | Slime:5  | Noticed an acid blob
 34285 | Slime:5  | Found a viscous altar of Jiyva.
 34285 | Slime:5  | Noticed an acid blob
 34287 | Slime:5  | Gained mutation: Your body has grown golden eyes which may confuse attackers. (Acc +3) [Jiyva's grace]
 34299 | Slime:5  | Gained mutation: You are covered in slimy tendrils that may disarm your opponents. [Jiyva's grace]
 34301 | Slime:5  | Noticed an acid blob
 34307 | Slime:5  | Lost mutation: Your translucent skin slightly reduces your foes' accuracy. (Stealth) [Jiyva's grace]
 34313 | Slime:5  | Lost mutation: You have a small jelly attached to you that may absorb incoming projectiles. [Jiyva's grace]
 34325 | Slime:5  | Got a slimy rune of Zot
 34409 | Slime:5  | Learned a level 5 spell: Silence
 34644 | Elf:1    | Got an ancient diamond amulet
 34645 | Elf:1    | Identified the amulet of Mistrust {Regen+ MP+9 Int+3} (You acquired it on level 1 of the Elven Halls)
 34676 | Elf:1    | Reached skill level 1 in Air Magic
 34712 | Elf:1    | Lost mutation: Your spells are a little harder to cast, but a little more powerful. [Jiyva's grace]
 35010 | Lair:3   | Gained mutation: You have acidic saliva. [Jiyva's grace]
 35036 | Spider:1 | Reached XP level 16. HP: 119/133 MP: 24/24
 35335 | Lair:3   | HP: 6/199 [entropy weaver (11)]
 35335 | Lair:3   | Slain by an entropy weaver

Vault maps used:
D:1:      tarquinn_simple_flora_water_b, minivault_14
D:3:      marbit_many_paths, portal_sewer_entry_a, lemuel_flame_loot_1
D:4:      temple_fountains, first_bread, serial_park_tiny_pond
D:5:      gup_ossuary_entry_pyramid, kennysheep_generic_room_7
D:6:      serial_shops, nicolae_shop_stone, kennysheep_little_box,
          hangedman_decor_points
D:7:      uniq_prince_ribbit1
D:8:      minmay_overflow_temple_star_hex
D:9:      lemuel_coloured_pillars_altar, hangedman_ranch,
          guppyfry_early_elven_hall
D:10:     lemuel_oklob_altar
D:11:     david_lair_shrubbed, trove_entry_hex_spiral, portal_ice_cave_rime,
          nicolae_blasting_shop, uniq_maurice
D:12:     david_orc_2, uniq_sonja
D:13:     david_vaults_2, serial_shops, shop, serial_glass, glass_columns_c,
          glass_columns_c
D:15:     gammafunk_enter_depths_forms, minmay_misc_feat_tiny,
          kennysheep_crisscross
Temple:   regret_index_temple_waves
Lair:1:   beast_lair_carwin_large_2, serial_bayou_pond_b, grunt_megastairs_2,
          serial_bayou_shore_b, serial_bayou_shore_b, uniq_nergalle
Lair:3:   minmay_shoals_entry_beasts, spider_nest_entry_a,
          infiniplex_staircase_pool_2
Lair:4:   lemuel_fruit_fields, uniq_harold, uniq_rupert
Lair:5:   grunt_forest_large_clearing_hut
Lair:6:   gammafunk_lair_ancient_temple, slime_altar_1,
          nicolae_volcano_entry_hallway, minivault_24, serial_bayou_shore_b,
          serial_bayou_shore_b
Shoals:1: uniq_donald
Orc:1:    basic_altar
Orc:2:    grunt_orc_gardens, grunt_orc_garden, grunt_orc_garden,
          grunt_orc_garden, grunt_orc_garden
Elf:1:    elf_arrival_002, serial_shops, shop, minivault_28, st_stairs_7,
          serial_sigils_hangedman_confine, uniq_asterion
Trove:    trove_simple
Sewer:    sewer_the_crocodile
Ossuary:  ossuary_tomb_1
IceCv:    ice_cave_small_necro
Volcano:  volcano_lake

Skill      XL: |  1  2  3  4  5  6  7  8  9 10 11 12 13 14 15 |
---------------+----------------------------------------------+-----
Short Blades   | 3 4 5 8 11 | 11.0
Fighting       | 2 3 4 5 7 8 10 12 14 | 14.0
Dodging        | 3 4 5 7 8 9 12 14 16 | 16.0
Necromancy     | 2 4 6 |  6.0
Charms         | 4 5 7 8 9 10 | 10.0
Spellcasting   | 4 5 |  5.9
Armour         | 1 2 4 |  4.0
Hexes          | 9 12 | 12.0
Stealth        | 1 10 11 | 11.0
Air Magic      | 3 |  3.8

Action                   |  1- 3 |  4- 6 |  7- 9 | 10-12 | 13-15 | 16-18 || total
-------------------------+-------+-------+-------+-------+-------+-------++-------
Melee: Short sword       |   163 |   239 |     7 |       |       |       ||   409
       Bite              |     9 |    24 |    50 |   229 |   621 |    20 ||   953
       Dagger            |       |       |   422 |  1434 |  3570 |    86 ||  5512
       Quick blade       |       |       |       |     7 |       |       ||     7
       Unarmed           |       |       |       |       |     1 |       ||     1
Throw: Stone             |    12 |     6 |    10 |     3 |       |       ||    31
 Cast: Infusion          |    13 |    14 |     6 |     4 |     1 |       ||    38
       Regeneration      |       |     5 |     8 |    37 |   136 |     7 ||   193
       Shroud of Golubri |       |     3 |     9 |    23 |    89 |     4 ||   128
       Spectral Weapon   |       |       |       |     3 |    14 |     5 ||    22
       Song of Slaying   |       |       |       |     1 |     9 |     2 ||    12
 Abil: End Transformatio |     1 |     3 |       |     3 |     4 |       ||    11
       Bat Form          |     1 |     3 |       |     3 |     4 |       ||    11
Evoke: Wand              |       |       |       |     3 |       |     1 ||     4
       Box of beasts     |       |       |       |     1 |       |       ||     1
  Use: Potion            |       |     7 |     7 |    17 |    40 |     2 ||    73
       Scroll            |       |       |       |    20 |    21 |     1 ||    42
 Stab: Sleeping          |     3 |     2 |     6 |    21 |    55 |       ||    87
       Distracted        |       |       |     1 |     6 |    19 |     3 ||    29
       Confused          |       |       |       |       |     2 |     1 ||     3
       Held in net/web   |       |       |       |       |       |     1 ||     1
  Eat: Corpse            |     2 |     8 |     3 |     5 |     3 |       ||    21
Armor: Leather armour    |    43 |    54 |    69 |   180 |   452 |     8 ||   806
Dodge: Dodged            |    85 |   185 |   182 |   628 |  2536 |   154 ||  3770
